 Dungeon Crawl Stone Soup version 0.19.0-19-g8c6edcc (console) character file.

18597 Kloppie the Basher (level 12, -12/150 HPs)
             Began as a Demonspawn Berserker on Nov 12, 2016.
             Was a High Priest of Trog.
             Mangled by a spiny frog (19 damage)
             ... on level 2 of the Lair of Beasts.
             The game lasted 00:20:52 (12213 turns).

Kloppie the Basher (Demonspawn Berserker)          Turns: 12213, Time: 00:20:53

Health: -12/150    AC: 21    Str: 22    XL:     12   Next: 29%
Magic:  0/12       EV: 12    Int: 10    God:    Trog [*****.]
Gold:   756        SH:  0    Dex: 22    Spells: 0 memorised, 11 levels left

rFire  + . .     SeeInvis .     a - +0 flail
rCold  . . .     Gourm    .     S - +5 ring mail of the Zebra {rN+++ Dex+5 Stlth-}
rNeg   + + +     Faith    +     (no shield)
rPois  .         Spirit   +     G - +0 hat {MR+}
rElec  .         Reflect  .     H - +0 cloak
rCorr  .         Harm     .     Q - +0 pair of gloves
MR     +++..                    A - +1 pair of boots
Stlth  ..........               v - amulet of faith
                                O - ring of protection from fire
                                p - ring of stealth (curse)

@: berserking, lethally poisoned (-12 -> -15), regenerating, very quick
A: hooves 1, iridescent scales 2, powered by death 2, magic shield
a: Berserk, Trog's Hand, Brothers in Arms, Burn Spellbooks, Renounce Religion


You were on level 2 of the Lair of Beasts.
You worshipped Trog.
Trog was extremely pleased with you.
You were very hungry.

You visited 2 branches of the dungeon, and saw 13 of its levels.

You collected 756 gold pieces.

Inventory:

Hand Weapons
 a - a +0 flail (weapon)
 y - a +1 mace
 U - a +0 morningstar
Armour
 A - a +1 pair of boots (worn)
 G - a +0 hat of magic resistance (worn)
 H - a +0 cloak (worn)
 Q - a +0 pair of gloves (worn)
 S - the +5 ring mail of the Zebra (worn) {rN+++ Dex+5 Stlth-}
   (You found it on level 10 of the Dungeon)

   It affects your dexterity (+5).
   It renders you almost immune to negative energy.
   It makes you less stealthy.
Jewellery
 p - a cursed ring of stealth (left hand)
 v - an amulet of faith (around neck)
 O - a ring of protection from fire (right hand)
Wands
 q - a wand of teleportation (6/9)
 B - a wand of digging (11/24)
Scrolls
 b - 2 scrolls of teleportation
 f - a scroll of blinking
 o - a scroll of recharging
 w - 6 scrolls of identify
 x - 2 scrolls of enchant weapon
 J - a scroll of fog
Potions
 d - a potion of flight
 e - 2 potions of agility
 j - a potion of degeneration {unknown}
 k - a potion of resistance
 m - 3 potions of curing
 r - a potion of berserk rage {unknown}
 E - a potion of haste
 T - 2 potions of cancellation
Comestibles
 c - 8 bread rations
 h - 2 slices of pizza
 i - 3 meat rations
 l - a beef jerky
 t - 15 fruits


   Skills:
 + Level 11.2 Fighting
 + Level 13.1 Maces & Flails
 - Level 9.2 Armour
 - Level 1.7 Dodging


You had 11 spell levels left.
You didn't know any spells.

Dungeon Overview and Level Annotations

Branches:
Dungeon (11/15)            Temple (0/1) D:6            Lair (2/6) D:8
  Swamp (0/4) Lair:2          Orc (0/2) D:10
  Snake: Lair:2-4    Spider: Lair:2-4

Altars:
Hepliaklqana
Kikubaaqudgha
Nemelex Xobeh
Trog
Vehumet
Zin
Beogh

Annotations:
D:5 Prince Ribbit


Innate Abilities, Weirdness & Mutations

You have large cloven feet.
You are mostly covered in iridescent scales. (AC +4)
You regenerate health from kills.
When hurt, damage is shared between your health and your magic reserves.


Message History

* * * LOW HITPOINT WARNING * * *
The wyvern bites you but does no damage.
You bludgeon the spiny frog!!
The spiny frog is heavily wounded.
You feel sick.
The spiny frog stings you but does no damage.
The wyvern bites you but does no damage.
The spiny frog stings you but does no damage.
The water moccasin bites you!
* * * LOW HITPOINT WARNING * * *
You thump the spiny frog!
The spiny frog is severely wounded.
You feel sick.
You bludgeon the spiny frog!!
You kill the spiny frog!
Trog accepts your kill.
You feel sick. The wyvern bites you.
* * * LOW HITPOINT WARNING * * *
The spiny frog stings you!!
You die...

*** *,******** ***** *****
*,****,*,.##.P####.#.####..,*****
,,,,,,,,,..................,,,,,,
,,,,,,,,,................#**,*,,,
,,,,,,,,,................##*,*,**
,,,,,,,,,.................#,...**
,,,,,,,,,................##,...,.
,,,,,,,,,.......lF........#....,#
,,,,,,,,,.......@S.............##
,,,,,,,*,........†.......#.....+.
,,,,,*,**#.#.#............#....##
,,,,,,,*,*,#*##..........#.......
,,,,,***,*,,,,##.........#####.##
,,,,,**,,*,,,,,#.........PP#.##.#
,,,,,**,,***,,,#.................
,,,,,*,,,,,*,,,##................
,,,,,*,,,*,***,*#................


You could see a spiny frog, a water moccasin and a wyvern.

Vanquished Creatures
  Gastronok (D:8)
  Harold (D:10)
  A hydra (Lair:1)
  Pikel (D:5)
  3 hill giants
  2 ugly things (D:11)
  Maurice (D:8)
  Joseph (D:7)
  3 spiny frogs
  A black mamba (Lair:1)
  Psyche (D:8)
  A kobold demonologist (D:11)
  4 trolls
  Grinder (D:5)
  2 hippogriffs (Lair:1)
  18 yaks
  A shadow (D:11)
  2 hungry ghosts
  2 basilisks
  A soldier ant (D:11)
  Duvessa (D:7)
  A water moccasin (Lair:2)
  2 sky beasts
  A black bear (D:9)
  4 orc warriors
  4 ice beasts
  3 ogres
  3 phantoms
  6 wolves (Lair:1)
  6 centaurs
  A big kobold (D:10)
  6 bullfrogs
  Dowan (D:7)
  3 scorpions
  10 killer bees
  5 wights (D:11)
  3 crimson imps
  2 bullfrog zombies (D:8)
  A centaur zombie (D:5)
  4 jellies
  5 hounds
  10 orc priests
  13 orc wizards
  2 centaur skeletons (D:7)
  6 iguanas
  11 worker ants
  A hound zombie (D:9)
  A worker ant zombie (D:9)
  4 gnolls (D:2)
  11 adders
  A shadow imp (D:5)
  3 adder skeletons
  A worm (D:5)
  2 dart slugs
  6 leopard geckos
  50 orcs
  2 ball pythons
  8 bats
  5 giant cockroaches
  13 goblins
  6 hobgoblins
  7 jackals
  11 kobolds
  2 quokkas
  A frilled lizard (D:1)
  A leopard gecko zombie (D:5)
  9 rats
307 creatures vanquished.

Vanquished Creatures (others)
  2 slaves (D:5)
  A centaur (D:5)
  A hound (D:5)
  A bullfrog skeleton (D:5)
  An iguana (D:5)
  An adder (D:5)
  A bat (D:2)
  A goblin (D:2)
9 creatures vanquished.

Grand Total: 316 creatures vanquished

Notes
Turn   | Place    | Note
-------+----------+-------------------------------------------
     0 | D:1      | Kloppie the Demonspawn Berserker began the quest for the Orb.
     0 | D:1      | Reached XP level 1. HP: 18/18 MP: 1/1
    83 | D:1      | Gained mutation: You regenerate a little health from kills. [demonic ancestry]
    83 | D:1      | Reached XP level 2. HP: 23/24 MP: 2/2
   192 | D:1      | Reached skill level 3 in Maces & Flails
   999 | D:1      | Reached XP level 3. HP: 29/29 MP: 3/3
  1092 | D:2      | Reached ** piety under Trog
  1231 | D:2      | Found a radiant altar of Vehumet.
  1255 | D:2      | Reached XP level 4. HP: 37/37 MP: 4/4
  2032 | D:3      | Reached skill level 4 in Maces & Flails
  2074 | D:3      | Reached XP level 5. HP: 43/43 MP: 5/5
  2264 | D:4      | Reached *** piety under Trog
  2279 | D:4      | Found an ancient bone altar of Kikubaaqudgha.
  2677 | D:4      | Reached skill level 5 in Fighting
  2786 | D:5      | Entered Level 5 of the Dungeon
  2786 | D:5      | Noticed Grinder
  2999 | D:5      | Gained mutation: You are partially covered in iridescent scales. (AC +2) [demonic ancestry]
  2999 | D:5      | Reached XP level 6. HP: 28/51 MP: 6/6
  3237 | D:5      | Killed Grinder
  3237 | D:5      | Reached skill level 5 in Maces & Flails
  3290 | D:5      | Noticed a slave
  3290 | D:5      | Noticed a slave
  3290 | D:5      | Noticed a slave
  3292 | D:5      | Noticed Pikel
  3300 | D:5      | Noticed a slave
  3300 | D:5      | Reached XP level 7. HP: 37/58 MP: 7/7
  3319 | D:5      | Killed Pikel
  3319 | D:5      | Reached skill level 6 in Maces & Flails
  3319 | D:5      | Gained mutation: You are mostly covered in iridescent scales. (AC +4) [demonic ancestry]
  3319 | D:5      | Reached XP level 8. HP: 24/64 MP: 8/8
  3688 | D:5      | Noticed Prince Ribbit
  4248 | D:6      | Reached skill level 7 in Maces & Flails
  4248 | D:6      | Reached skill level 5 in Armour
  4481 | D:6      | Found a staircase to the Ecumenical Temple.
  4507 | D:6      | Reached **** piety under Trog
  5066 | D:6      | Reached skill level 8 in Maces & Flails
  5087 | D:6      | Gained mutation: When hurt, damage is shared between your health and your magic reserves. [demonic ancestry]
  5087 | D:6      | Reached XP level 9. HP: 55/69 MP: 9/9
  5088 | D:6      | Found a bloodstained altar of Trog.
  5252 | D:7      | Noticed Joseph
  5360 | D:7      | Noticed Duvessa
  5360 | D:7      | Noticed Dowan
  6015 | D:7      | Killed Duvessa
  6027 | D:7      | Killed Dowan
  6038 | D:7      | Killed Joseph
  6038 | D:7      | Reached skill level 9 in Maces & Flails
  6249 | D:7      | Upgraded the game from 0.19.0-18-g426998a to 0.19.0-19-g8c6edcc
  6308 | D:8      | Noticed Psyche
  6322 | D:8      | Killed Psyche
  6782 | D:8      | Found a staircase to the Lair.
  6880 | D:8      | Noticed Gastronok
  6900 | D:8      | Killed Gastronok
  6900 | D:8      | Reached skill level 10 in Maces & Flails
  6900 | D:8      | Gained mutation: You regenerate health from kills. [demonic ancestry]
  6900 | D:8      | Reached XP level 10. HP: 71/83 MP: 7/10
  6995 | D:8      | Noticed Maurice
  7037 | D:8      | Killed Maurice
  7303 | D:8      | Found a hazy altar of Hepliaklqana.
  7727 | D:9      | Reached ***** piety under Trog
  8157 | D:9      | Reached skill level 11 in Maces & Flails
  8286 | D:9      | Found a sparkling altar of Nemelex Xobeh.
  8292 | D:9      | Found a glowing silver altar of Zin.
  8527 | D:10     | Entered Level 10 of the Dungeon
  8736 | D:10     | Noticed Harold
  8783 | D:10     | Killed Harold
  8783 | D:10     | Gained mutation: You have large cloven feet. [demonic ancestry]
  8783 | D:10     | Reached XP level 11. HP: 37/89 MP: 4/11
  8788 | D:10     | Received a gift from Trog
  9084 | D:10     | Got a slimy ring mail
  9095 | D:10     | Identified the +5 ring mail of the Zebra {rN+++ Dex+5 Stlth-} (You found it on level 10 of the Dungeon)
  9341 | D:10     | Noticed a hill giant
  9352 | D:10     | Killed a hill giant
  9447 | D:10     | Found a staircase to the Orcish Mines.
  9478 | D:10     | Found a roughly hewn altar of Beogh.
  9598 | D:10     | Identified a scroll of acquirement
  9655 | D:11     | Noticed a hill giant
  9665 | D:11     | Killed a hill giant
  9734 | D:11     | Reached skill level 12 in Maces & Flails
 10052 | D:11     | Noticed a white ugly thing
 10056 | D:11     | Noticed a hill giant
 10058 | D:11     | Noticed a brown ugly thing
 10080 | D:11     | Killed a white ugly thing
 10092 | D:11     | Killed a hill giant
 10092 | D:11     | Reached skill level 10 in Fighting
 10103 | D:11     | Killed a brown ugly thing
 10436 | D:11     | Reached XP level 12. HP: 59/98 MP: 9/12
 10468 | D:11     | Received a gift from Trog
 10699 | Lair:1   | Entered Level 1 of the Lair of Beasts
 11080 | Lair:1   | Noticed a six-headed hydra
 11099 | Lair:1   | Killed a six-headed hydra
 11650 | Lair:1   | Reached skill level 13 in Maces & Flails
 12213 | Lair:2   | HP: 7/150 [wyvern (5)]
 12213 | Lair:2   | Mangled by a spiny frog

Skill      XL: |  1  2  3  4  5  6  7  8  9 10 11 12 |
---------------+-------------------------------------+-----
Maces & Flails | 3 4 5 6 8 10 11 12 13 | 13.1
Fighting       | 4 5 6 9 10 11 | 11.2
Armour         | 2 4 6 7 9 |  9.2
Dodging        | |  1.7

Action                   |  1- 3 |  4- 6 |  7- 9 | 10-12 || total
-------------------------+-------+-------+-------+-------++-------
Melee: Mace              |    91 |   168 |   252 |       ||   511
       Flail             |       |       |   288 |   877 ||  1165
Invok: Berserk           |     3 |     4 |     8 |    12 ||    27
       Trog's Hand       |       |     1 |     4 |     4 ||     9
  Use: Scroll            |       |    11 |     8 |     5 ||    24
       Potion            |       |       |       |     4 ||     4
 Stab: Sleeping          |     1 |     1 |       |       ||     2
  Eat: Chunk             |     3 |    11 |    20 |    22 ||    56
       Meat ration       |       |       |       |     2 ||     2
       Royal jelly       |       |       |       |     1 ||     1
Armor: Animal skin       |    22 |    11 |       |       ||    33
       Ring mail         |       |    30 |       |   268 ||   298
       Chain mail        |       |    56 |   346 |    35 ||   437
       Plate armour      |       |       |       |   216 ||   216
Dodge: Dodged            |    72 |    99 |   200 |   415 ||   786
